 Dungeon Sprint DCSS version 0.22.1-1-ga44c0e56f4 (webtiles) character file.

1777 MuseOD the Unseen (level 8, -6/42 (43) HPs)
             Began as a Spriggan Enchanter on Sept 22, 2018.
             Was a Believer of Dithmenos.
             Killed from afar by a death drake (7 damage)
             ... with a foul vapour
             ... in the Dungeon (Sprint II: "The Violet Keep of Menkaure").
             The game lasted 00:02:05 (335 turns).

MuseOD the Unseen (Spriggan Enchanter)               Turns: 335, Time: 00:02:06

HP:   -6/42 (43)    AC:  2    Str:  4    XL:     8   Next: 81%
MP:   15/23         EV: 18    Int: 19    God:    Dithmenos [**....]
Gold: 810           SH:  0    Dex: 16    Spells: 19/28 levels left

rFire    . . .     SeeInvis +   a - +1 dagger
rCold    . . .     Gourm    .   (shield restricted)
rNeg     . . .     Faith    .   b - +0 robe
rPois    .         Spirit   .   (helmet restricted)
rElec    .         Reflect  .   (no cloak)
rCorr    .         Harm     .   (gloves unavailable)
MR       +....     NoTele   +   (boots unavailable)
Stlth    ++++++++..             (no amulet)
HPRegen  0.14/turn              (no ring)
MPRegen  0.18/turn              (no ring)

@: lethally poisoned (-6 -> -23), wreathed by umbra, very quick
A: very small, unfitting armour, see invisible, herbivore, speed 3, slow
metabolism 2
a: Shadow Step, Renounce Religion


You were in the Dungeon.
You worshipped Dithmenos.
Dithmenos was pleased with you.
You were not hungry.

You visited 1 branch You collected 810 gold pieces.

Inventory:

Hand Weapons
 a - a +1 dagger (weapon)
Armour
 b - a +0 robe (worn)
Scrolls
 j - a scroll of blinking
Potions
 g - a potion of haste
 h - a potion of magic
 i - a potion of berserk rage
Comestibles
 d - a ration


   Skills:
 - Level 5.0 Fighting
 - Level 9.7 Short Blades
 - Level 3.0 Dodging
 + Level 16.3 Stealth
 + Level 10.9 Spellcasting
 + Level 11.2 Hexes


You had 19 spell levels left.
You knew the following spells:

 Your Spells              Type           Power        Failure   Level  Hunger
a - Corona                Hex            ######.      1%          1    None
b - Ensorcelled Hibernat  Hex/Ice        ####..       1%          2    None
c - Confuse               Hex            ######..     1%          3    None
d - Dazzling Spray        Conj/Hex       ####..       1%          3    None

Your spell library contained the following spells:

 Spells                   Type           Power        Failure   Level  Hunger
 Tukima's Dance           Hex            ######..     1%          3    None


Dungeon Overview and Level Annotations

Branches:
Dungeon (1/1)

Altars:
Cheibriados
Dithmenos
Elyvilon
Fedhas
Gozag
Hepliaklqana
Kikubaaqudgha
Makhleb
Nemelex Xobeh
Okawaru
Qazlal
Ru
Sif Muna
Trog
Uskayaw
Vehumet
Wu Jian
Xom
Yredelemnul
Zin
The Shining One
Beogh
Jiyva
Lugonu


Innate Abilities, Weirdness & Mutations

You are very small and have problems with some larger weapons.
You are too small for most types of armour.
You have supernaturally acute eyesight. (SInv)
You are a herbivore.
You cover ground extremely quickly.
You need to consume almost no food.


Message History

Confirm with . or Enter, or press ? or * to list all spells.
Aiming: Confuse (safe; 1% risk of failure)
Press: ? - help, Shift-Dir - straight line, f - polar bear
Aim: a polar bear (umbra, chance to defeat MR: 73%)
The polar bear struggles to resist.
The polar bear bites you!
* * * LOW HITPOINT WARNING * * *
The polar bear barely misses you. The polar bear misses you.
Unknown command.
You hit the polar bear but do no damage.
You closely miss the polar bear. The polar bear barely misses you.
The polar bear misses you. The polar bear completely misses you.
You hit the polar bear but do no damage.
You hit the polar bear but do no damage.
The polar bear barely misses you. x2; The polar bear closely misses you.
You hit the polar bear but do no damage.
The death drake breathes miasma at you. The foul vapour engulfs you!
You are lethally poisoned!
You feel your flesh rotting away!
You die... .. .. k .. #. k ##.#### +.##. #3 ...# ...#### ##. ###..#####..##$# [$! #+###.##..#..†.k#..# ?(([

#.##...#..#..#.§#..#▓$$)$
.<.'.#.'..####.§##)#▓)???
#.##.).#....###.@h##▓▓▓▓▓▓
#'###.##......≈≈≈≈≈≈≈≈≈≈≈≈
.#.####≈≈.....≈#'########+
###.#≈≈≈≈≈§§..≈#.._._._.#≈
##≈≈§§≈≈§≈.≈#._._._..#§
#≈≈≈≈≈§§≈§≈≈#_._._._.#≈
≈≈≈≈§§§§§§≈≈#._._._._#≈
++#≈≈≈≈§§≈§§#.._._._.#§
##≈≈§###≈≈#..._._._#§


You could see a death drake and a polar bear.

Vanquished Creatures
  A merfolk siren (D)
  A yaktaur (D)
  2 polar bears (D)
  A hornet (D)
  2 hippogriffs (D)
  3 black bears (D)
  A crocodile (D)
  4 worker ants (D)
15 creatures vanquished.

Notes
Turn   | Place    | Note
-------+----------+-------------------------------------------
     0 | D        | MuseOD the Spriggan Enchanter began the quest for the Orb.
     0 | D        | Reached XP level 1. HP: 9/9 MP: 5/5
     1 | D        | Noticed a merfolk siren
     4 | D        | Noticed a neqoxec
     7 | D        | Noticed a worker ant
     7 | D        | Noticed a worker ant
     7 | D        | Noticed a worker ant
     7 | D        | Noticed a worker ant
    10 | D        | Killed a worker ant
    10 | D        | Reached skill level 6 in Stealth
    10 | D        | Reached XP level 2. HP: 15/15 MP: 6/6
    11 | D        | Reached skill level 5 in Short Blades
    11 | D        | Reached skill level 7 in Stealth
    11 | D        | Reached XP level 3. HP: 19/19 MP: 8/8
    15 | D        | Learned a level 2 spell: Ensorcelled Hibernation
    19 | D        | Learned a level 3 spell: Confuse
    21 | D        | Reached XP level 4. HP: 24/24 MP: 9/9
    22 | D        | Reached skill level 8 in Stealth
    31 | D        | Noticed a hippogriff
    31 | D        | Noticed a hippogriff
    34 | D        | Killed a hippogriff
    34 | D        | Reached skill level 5 in Fighting
    34 | D        | Reached skill level 10 in Stealth
    34 | D        | Reached XP level 5. HP: 30/30 MP: 10/10
    34 | D        | Reached XP level 6. HP: 35/35 MP: 11/11
    37 | D        | Killed a hippogriff
    37 | D        | Reached skill level 12 in Stealth
    37 | D        | Reached skill level 5 in Spellcasting
    72 | D        | Killed a merfolk siren
    72 | D        | Reached skill level 13 in Stealth
    72 | D        | Reached XP level 7. HP: 39/39 MP: 2/19
    75 | D        | Found a roughly hewn altar of Beogh.
    76 | D        | Found a hazy altar of Hepliaklqana.
    76 | D        | Found a snail-covered altar of Cheibriados.
   130 | D        | Found a stormy altar of Qazlal.
   130 | D        | Found a viscous altar of Jiyva.
   130 | D        | Found a shadowy altar of Dithmenos.
   131 | D        | Found a sacrificial altar of Ru.
   131 | D        | Found an ancient bone altar of Kikubaaqudgha.
   131 | D        | Found a white marble altar of Elyvilon.
   132 | D        | Found an ornate altar of the Wu Jian Council.
   132 | D        | Found a deep blue altar of Sif Muna.
   132 | D        | Found a corrupted altar of Lugonu.
   132 | D        | Found a blossoming altar of Fedhas.
   133 | D        | Found a shimmering altar of Xom.
   133 | D        | Found a bloodstained altar of Trog.
   133 | D        | Found a burning altar of Makhleb.
   134 | D        | Found a glowing golden altar of the Shining One.
   134 | D        | Found a basalt altar of Yredelemnul.
   134 | D        | Found a hide-covered altar of Uskayaw.
   136 | D        | Found a glowing silver altar of Zin.
   136 | D        | Found a radiant altar of Vehumet.
   136 | D        | Found a sparkling altar of Nemelex Xobeh.
   137 | D        | Found an opulent altar of Gozag.
   137 | D        | Found an iron altar of Okawaru.
   142 | D        | Became a worshipper of Dithmenos the Shadowed
   159 | D        | Reached skill level 14 in Stealth
   168 | D        | Reached * piety under Dithmenos
   168 | D        | Reached XP level 8. HP: 30/43 MP: 0/22
   271 | D        | Learned a level 3 spell: Dazzling Spray
   293 | D        | Noticed a yaktaur
   293 | D        | Noticed a hornet
   293 | D        | Noticed a polar bear
   294 | D        | Noticed a polar bear
   294 | D        | Noticed a polar bear
   295 | D        | Killed a polar bear
   295 | D        | Reached skill level 15 in Stealth
   295 | D        | Reached skill level 10 in Hexes
   304 | D        | Killed a polar bear
   304 | D        | Reached skill level 10 in Spellcasting
   310 | D        | Killed a hornet
   310 | D        | Reached ** piety under Dithmenos
   310 | D        | Reached skill level 16 in Stealth
   319 | D        | Killed a yaktaur
   326 | D        | Noticed a death drake
   330 | D        | HP: 1/43 [polar bear (10)]
   335 | D        | Killed from afar by a death drake

Skill      XL: |  1  2  3  4  5  6  7  8 |
---------------+-------------------------+-----
Fighting       | 2 3 5 |  5.0
Short Blades   | 4 5 6 9 |  9.7
Stealth        | 6 7 10 13 14 16 | 16.3
Spellcasting   | 8 9 10 | 10.9
Hexes          | 8 9 11 | 11.2
Dodging        | |  3.0

Action                   |  1- 3 |  4- 6 |  7- 9 || total
-------------------------+-------+-------+-------++-------
Melee: Dagger            |     3 |    16 |    31 ||    50
 Cast: Confuse           |       |     4 |    10 ||    14
       Ensorcelled Hiber |       |       |     6 ||     6
  Use: Potion            |       |       |     3 ||     3
 Stab: Sleeping          |     3 |     3 |     4 ||    10
       Confused          |       |     2 |     4 ||     6
Armor: Robe              |       |       |     1 ||     1
Dodge: Dodged            |       |       |    36 ||    36
